 Dungeon Crawl Stone Soup version 0.29-a0-356-g7bc237e783 (webtiles) character file.

Game seed: 990563513519114513

100 dolemite99 the Caller (level 4, 32/32 HPs)
             Began as a Gnoll Summoner on Apr 26, 2022.
             Was a Follower of Okawaru.
             Quit the game on level 2 of the Dungeon.
             The game lasted 00:03:50 (3646 turns).

dolemite99 the Caller (Gnoll Summoner)              Turns: 3646, Time: 00:03:51

Health: 32/32      AC:  5    Str:  7    XL:     4   Next: 73%
Magic:  11/11      EV: 13    Int: 17    God:    Okawaru [*.....]
Gold:   92         SH:  0    Dex: 12    Spells: 4/13 levels left

rFire   . . .      SeeInvis .   g - +0 short sword
rCold   . . .      Faith    .   (no shield)
rNeg    . . .      Spirit   .   a - +0 robe
rPois   .          Reflect  .   (no helmet)
rElec   .          Harm     .   e - +0 cloak
rCorr   .          Rampage  .   s - +1 pair of gloves
Will    .....                   (no boots)
Stlth   ++........              (no amulet)
HPRegen 0.10/turn               (no ring)
MPRegen 0.12/turn               (no ring)

@: no status effects
A: fangs 1, strong nose, distributed training
a: Renounce Religion, Heroism


You were on level 2 of the Dungeon.
You worshipped Okawaru.
Okawaru was aware of your devotion.
You visited 1 branch of the dungeon, and saw 2 of its levels.

You collected 92 gold pieces.

Inventory:

Hand Weapons
 g - a +0 short sword (weapon)
Missiles
 i - 112 stones
Armour
 a - a +0 robe (worn)
 e - a +0 cloak (worn)
 p - a +0 leather armour
 q - a +0 pair of gloves
 s - a +1 pair of gloves (worn)
Jewellery
 l - an amulet of reflection
Scrolls
 c - a scroll of teleportation {unknown}
 d - 2 scrolls of identify {unknown}
 j - a scroll of immolation {unknown}
 m - 2 scrolls of blinking {unknown}
 n - a scroll of holy word {unknown}
 o - a scroll of fog {unknown}
 r - a scroll of summoning {unknown}
Potions
 b - 2 potions of magic
 f - 2 potions of curing {unknown}
 h - a potion of heal wounds {unknown}
 k - 2 potions of attraction {unknown}


   Skills:
 + Level 1.2 Fighting
 + Level 1.2 Short Blades
 + Level 1.2 Long Blades
 + Level 1.2 Axes
 + Level 1.2 Maces & Flails
 + Level 1.2 Polearms
 + Level 1.2 Staves
 + Level 1.2 Slings
 + Level 1.2 Bows
 + Level 1.2 Crossbows
 + Level 1.2 Throwing
 + Level 1.2 Armour
 + Level 4.7 Dodging
 + Level 4.3 Stealth
 + Level 1.2 Shields
 + Level 1.2 Unarmed Combat
 + Level 5.1 Spellcasting
 + Level 1.0 Conjurations
 + Level 1.0 Hexes
 + Level 7.1 Summonings
 + Level 1.0 Necromancy
 + Level 1.0 Translocations
 + Level 1.0 Transmutations
 + Level 1.0 Fire Magic
 + Level 1.0 Ice Magic
 + Level 1.0 Air Magic
 + Level 1.0 Earth Magic
 + Level 1.0 Poison Magic
 + Level 1.3 Invocations
 + Level 1.2 Evocations


You had 4 spell levels left.
You knew the following spells:

 Your Spells              Type           Power      Damage    Failure   Level
a - Summon Small Mammal   Summ           100%       N/A       1%          1
b - Call Imp              Summ           28%        N/A       1%          2
c - Call Canine Familiar  Summ           28%        N/A       2%          3
d - Summon Guardian Gole  Hex/Summ       18%        N/A       8%          3

Your spell library contained the following spells:

 Spells                   Type           Power      Damage    Failure   Level
 Summon Lightning Spire   Summ/Air       Unusable   N/A       N/A         4

Dungeon Overview and Level Annotations

Branches:
Dungeon (2/15)

Altars:
Okawaru
The Shining One


Innate Abilities, Weirdness & Mutations

You have very sharp teeth.
Your uncanny sense of smell can sniff out nearby items.
Your experience applies equally to all skills.


Message History

Casting: Call Canine Familiar (dangerous; 2% risk of failure)
Confirm with . or Enter, or press ? or * to list all spells.
A beastly little devil appears in a puff of flame.
Casting: Call Imp (safe; 1% risk of failure)
Confirm with . or Enter, or press ? or * to list all spells.
Your crimson imp completely misses the bat.
The bat closely misses you. The bat hits your hound.
Your hound closely misses the bat.
The bat closely misses your crimson imp.
Your crimson imp barely misses the bat.
Casting: Summon Small Mammal (safe; 1% risk of failure)
Confirm with . or Enter, or press ? or * to list all spells.
The bat hits you but does no damage.
Your hound misses the bat. The bat misses your hound.
Your quokka barely misses the bat.
Your hound barely misses the bat.
The bat closely misses you.
Your crimson imp hits the bat.
The bat closely misses you. x2
You hit the bat.
You kill the bat!
You start resting.
Your crimson imp blinks!
Your quokka disappears in a puff of smoke!
Your hound barks happily!
Your hound disappears in a puff of smoke!
Your crimson imp disappears in a puff of smoke!
Your quokka disappears in a puff of smoke!
Magic restored.
You start waiting.
Done waiting.
There is a faded altar of an unknown god here.
You see here a +0 dagger.
You cannot tell which god this altar belongs to.
Convert to them anyway?
Okawaru accepts your prayer! Okawaru welcomes you!
You can now gain great but temporary skills.
An adder comes into view.
Casting: Summon Small Mammal (safe; 1% risk of failure)
Confirm with . or Enter, or press ? or * to list all spells.
Okay, then.
Are you sure you want to abandon this character and quit the game? (Confirm with "yes".)

................
+.........+
##...#.########.
#.........#
##.##.# #.
#........# ####.#
#. #.......# #.#
#. #.._...# #.# #.
#.....## #.# #S
##......# #.#
#.######.#.###.#
#.# #.@........#
#.# #.#
########.#####.###
#.# ######....#
#.# ##>##....#.##
######.#
#...#.)..#...
...<...#
#.♣.###.#####
######## #...# #.#
# ##..###.# ##
######.##.# #.


You could see an adder (asleep).

Vanquished Creatures
  A worm (D:2)
  A dart slug (D:2)
  An endoplasm (D:1)
  A hobgoblin (D:1)
  A jackal (D:2)
  2 quokkas
  2 ball pythons (D:1)
  2 bats
  2 kobolds
  2 rats
15 creatures vanquished.

Vanquished Creatures (collateral kills)
  Terence (D:2)
  2 adders (D:2)
  A dart slug (D:1)
  3 ball pythons
  5 bats
  3 endoplasms
  A giant cockroach (D:2)
  2 goblins
  3 hobgoblins (D:2)
  2 jackals (D:2)
  4 kobolds
  A quokka (D:1)
  A frilled lizard (D:1)
  6 rats
35 creatures vanquished.

Grand Total: 50 creatures vanquished

Notes
Turn   | Place    | Note
-------+----------+-------------------------------------------
     0 | D:1      | dolemite99 the Gnoll Summoner began the quest for the Orb.
     0 | D:1      | Reached XP level 1. HP: 13/13 MP: 6/6
   538 | D:1      | Reached XP level 2. HP: 19/19 MP: 4/7
   658 | D:1      | Learned a level 2 spell: Call Imp
  1158 | D:1      | Reached XP level 3. HP: 23/25 MP: 7/9
  1325 | D:2      | Learned a level 3 spell: Call Canine Familiar
  1373 | D:2      | Reached skill level 5 in Spellcasting
  1926 | D:2      | Reached skill level 1 in Invocations
  2172 | D:2      | Reached skill level 1 in Fighting
  2172 | D:2      | Reached skill level 1 in Short Blades
  2172 | D:2      | Reached skill level 1 in Long Blades
  2172 | D:2      | Reached skill level 1 in Axes
  2172 | D:2      | Reached skill level 1 in Maces & Flails
  2172 | D:2      | Reached skill level 1 in Polearms
  2172 | D:2      | Reached skill level 1 in Staves
  2172 | D:2      | Reached skill level 1 in Slings
  2172 | D:2      | Reached skill level 1 in Bows
  2172 | D:2      | Reached skill level 1 in Crossbows
  2172 | D:2      | Reached skill level 1 in Throwing
  2172 | D:2      | Reached skill level 1 in Armour
  2172 | D:2      | Reached skill level 1 in Shields
  2172 | D:2      | Reached skill level 1 in Unarmed Combat
  2172 | D:2      | Reached skill level 1 in Evocations
  2499 | D:2      | Reached XP level 4. HP: 32/32 MP: 7/11
  2636 | D:2      | Learned a level 3 spell: Summon Guardian Golem
  2715 | D:2      | Found a glowing golden altar of the Shining One.
  2732 | D:2      | Noticed Terence
  2752 | D:2      | Killed Terence
  2753 | D:2      | Reached skill level 1 in Conjurations
  2753 | D:2      | Reached skill level 1 in Hexes
  2753 | D:2      | Reached skill level 1 in Necromancy
  2753 | D:2      | Reached skill level 1 in Translocations
  2753 | D:2      | Reached skill level 1 in Transmutations
  2753 | D:2      | Reached skill level 1 in Fire Magic
  2753 | D:2      | Reached skill level 1 in Ice Magic
  2753 | D:2      | Reached skill level 1 in Air Magic
  2753 | D:2      | Reached skill level 1 in Earth Magic
  2753 | D:2      | Reached skill level 1 in Poison Magic
  3469 | D:2      | Found a faded altar of an unknown god.
  3633 | D:2      | Prayed at the altar of an unknown god.
  3633 | D:2      | Became a worshipper of Warmaster Okawaru
  3633 | D:2      | Reached * piety under Okawaru
  3646 | D:2      | Quit the game

Illustrated notes

Levels and vault maps discovered:
D:1:      minmay_arrival_widening_spiral_wide, layout_basic
D:2:      minmay_wonky_spiral, layout_loops_corners,
          ebering_ecumenical_altar_sacrificial, basic_altar,
          kennysheep_nondescript, grunt_ministairs_4, kennysheep_jessica_study,
          uniq_terence

Skill      XL: |  1  2  3  4 |
---------------+-------------+-----
Spellcasting   | 5 |  5.1
Invocations    | 1 |  1.3
Fighting       | 1 |  1.2
Short Blades   | 1 |  1.2
Long Blades    | 1 |  1.2
Axes           | 1 |  1.2
Maces & Flails | 1 |  1.2
Polearms       | 1 |  1.2
Staves         | 1 |  1.2
Slings         | 1 |  1.2
Bows           | 1 |  1.2
Crossbows      | 1 |  1.2
Throwing       | 1 |  1.2
Armour         | 1 |  1.2
Shields        | 1 |  1.2
Unarmed Combat | 1 |  1.2
Evocations     | 1 |  1.2
Conjurations   | 1 |  1.0
Hexes          | 1 |  1.0
Necromancy     | 1 |  1.0
Translocations | 1 |  1.0
Transmutations | 1 |  1.0
Fire Magic     | 1 |  1.0
Ice Magic      | 1 |  1.0
Air Magic      | 1 |  1.0
Earth Magic    | 1 |  1.0
Poison Magic   | 1 |  1.0
Dodging        | |  4.7
Stealth        | |  4.3
Summonings     | |  7.1

Action                   |  1- 3 |  4- 6 || total
-------------------------+-------+-------++-------
Melee: Short sword       |    21 |    16 ||    37
       Unarmed           |     4 |       ||     4
       Bite              |     3 |     1 ||     4
       Punch             |       |     1 ||     1
 Cast: Summon Small Mamm |    25 |    10 ||    35
       Call Imp          |    11 |     6 ||    17
       Call Canine Famil |     7 |     4 ||    11
       Summon Guardian G |       |     1 ||     1
 Stab: Sleeping          |     1 |       ||     1
Armor: Robe              |    14 |     9 ||    23
Dodge: Dodged            |    46 |    30 ||    76

Table legend: (Time is in decaauts)
 A = Elapsed time spent in this place.
 B = Non-inter-level travel time spent in this place.
 C = Inter-level travel time spent in this place.
 D = Time resting spent in this place.
 E = Time spent auto-exploring this place.
 F = Levels seen in this place.
 G = Mean time per level.
                   A        B        C        D        E       F      G
               +--------+--------+--------+--------+--------+-----+--------+
         Total |   3647 |   3600 |     47 |   1097 |   1758 |   2 | 1823.5 |
       Dungeon |   3647 |   3600 |     47 |   1097 |   1758 |   2 | 1823.5 |
               +--------+--------+--------+--------+--------+-----+--------+

Top non-repeatable levels by time:
     D:2: 2328 daAuts
     D:1: 1318 daAuts
